Map: [ESL] Data-C

Players

milkicow

  • Race: Terran Terran
  • Spawn Location: 3:00

Clem - Winner!

  • Race: Terran Terran
  • Spawn Location: 9:00

Event: DreamHack SC2 Masters 2022 Atlanta (Online)

VOD

Have the link to the VOD?

Description

Time

  • Played on: Sept. 30, 2022, 10:13 a.m.
  • Length: 6:24

All games in this series

Show
View Real Time Build Order
Export as new Build Order

milkicow Terran 

Build Orders:  

Get SALT Encoding   

  12  0:00  SCV  
  13  0:12  SCV  
  14  0:17  Supply Depot  
  14  0:24  SCV  
  15  0:39  SCV  
  15  0:40  Barracks  
  16  0:43  Refinery  
  16  0:51  SCV  
  16  0:53  Refinery  
  17  1:03  SCV  
  18  1:16  SCV  
  19  1:27  Reaper  
  19  1:28  Orbital Command  
  19  1:32  Supply Depot  
  20  1:43  Factory  
  20  1:54  SCV  
  21  1:59  Barracks Reactor  
  21  2:06  SCV  
  22  2:19  SCV  
  23  2:24  Command Center  
  23  2:33  Starport  
  23  2:39  Hellion  
  23  2:41  Hellion  
  23  2:43  SCV  
  28  2:49  Supply Depot  
  28  2:55  SCV  
  28  2:58  Barracks Tech Lab  
  29  3:01  Hellion  
  31  3:11  SCV, Hellion  
  34  3:13  Medivac  
  36  3:23  SCV  
  37  3:29  Refinery  
  37  3:35  SCV  
  37  3:39  Orbital Command  
  37  3:40  Cyclone  
  41  3:43  Marine  
  41  3:44  Marine  
  41  3:46  Starport Tech Lab  
  43  3:54  SCV  
  44  4:02  Marine x2  
  44  4:06  SCV  
  47  4:11  SCV  
  47  4:15  Siege Tank  
  41  4:18  SCV  
  41  4:20  Marine x2  
  41  4:22  Raven  
  41  4:23  SCV  
  46  4:30  Supply Depot, SCV  
  47  4:35  SCV  
  47  4:38  Marine x2  
  48  4:43  SCV  
  51  4:47  Siege Tank  
  51  4:51  SCV  
  55  4:55  Supply Depot, SCV  
  56  5:03  SCV  
  56  5:05  Raven, Marine  
  56  5:06  Marine  
  61  5:07  SCV  
  61  5:12  Command Center  
  62  5:17  SCV  
  62  5:18  Supply Depot  
  62  5:19  SCV  
  64  5:21  Siege Tank  
  64  5:25  Marine  
  64  5:26  Marine  
  69  5:29  SCV  
  69  5:31  Refinery  
  69  5:34  Starport  
  70  5:39  SCV  
  71  5:43  Supply Depot  
  71  5:46  SCV  
  72  5:51  SCV  
  72  5:58  SCV  
  72  6:00  Marine x2  
  77  6:04  SCV  
  77  6:11  SCV  
Show
View Real Time Build Order
Export as new Build Order

Clem Terran - Winner!

Build Orders:  

Get SALT Encoding   

  12  0:00  SCV  
  13  0:12  SCV  
  14  0:17  Supply Depot  
  14  0:24  SCV  
  15  0:39  SCV  
  15  0:40  Barracks  
  16  0:43  Refinery  
  16  0:51  SCV  
  16  0:53  Refinery  
  17  1:03  SCV  
  18  1:15  SCV  
  19  1:27  Reaper, Orbital Command  
  20  1:33  Supply Depot  
  20  1:44  Factory  
  20  1:53  SCV  
  21  1:59  Barracks Reactor  
  21  2:05  SCV  
  22  2:22  Command Center  
  22  2:25  SCV  
  23  2:31  Hellion  
  23  2:36  Reaper x2  
  27  2:42  Supply Depot  
  27  2:44  SCV  
  28  2:52  Hellion  
  28  2:56  SCV  
  31  3:04  Starport  
  31  3:08  Marine x2  
  31  3:09  SCV  
  34  3:14  Factory Tech Lab  
  34  3:21  SCV  
  34  3:25  Marine  
  34  3:26  Marine  
  37  3:28  Refinery  
  37  3:33  Cyclone  
  40  3:40  Orbital Command  
  40  3:41  SCV  
  40  3:45  Starport Tech Lab  
  40  3:46  Marine  
  42  3:49  Marine  
  42  3:54  SCV  
  44  4:04  Raven  
  44  4:06  SCV  
  44  4:09  SCV  
  42  4:18  SCV  
  42  4:21  SCV  
  43  4:25  Siege Tank  
  43  4:30  SCV  
  47  4:33  SCV  
  48  4:38  Supply Depot  
  48  4:42  SCV  
  48  4:45  SCV  
  50  4:54  SCV  
  50  4:57  SCV  
  50  4:59  Medivac  
  54  5:00  Medivac, Siege Tank  
  54  5:02  Marine  
  54  5:06  Supply Depot, SCV  
  61  5:09  SCV  
  62  5:17  Supply Depot  
  62  5:27  SCV x2, Marine  
  62  5:28  Supply Depot  
  65  5:36  Viking, Siege Tank  
  65  5:39  SCV  
  65  5:40  SCV  
  65  5:41  Viking  
  72  5:52  SCV x2  
  74  5:58  Marine  
  74  6:00  Supply Depot  
  74  6:04  SCV x2  
Tags
 
Add a new tag
Caveats
  • Supply blocks, unpowered buildings, or Contaminate may cause inaccurate times.
  • Supply counts are checked every 10 seconds.